 Dungeon Crawl Stone Soup version 0.22.1-1-ga44c0e56f4 (webtiles) character file.

31 Riddle the Ducker (level 3, -21/20 HPs)
             Began as a Spriggan Abyssal Knight on Oct 1, 2018.
             Was a Follower of Lugonu.
             Demolished by a tentacled starspawn (34 damage)
             ... on level 1 of the Dungeon.
             The game lasted 00:01:23 (165 turns).

Riddle the Ducker (Spriggan Abyssal Knight)          Turns: 165, Time: 00:01:23

Health: -21/20     AC:  2    Str:  8    XL:     3   Next: 7%
Magic:  5/5        EV: 19    Int: 13    God:    Lugonu [*.....]
Gold:   3          SH:  0    Dex: 16    Spells: 2/2 levels left

rFire    . . .     SeeInvis +   a - +1 short sword
rCold    . . .     Gourm    .   (shield restricted)
rNeg     . . .     Faith    .   b - +0 robe
rPois    .         Spirit   .   (helmet restricted)
rElec    .         Reflect  .   (no cloak)
rCorr    .         Harm     .   (gloves unavailable)
MR       .....                  (boots unavailable)
Stlth    +.........             (no amulet)
HPRegen  0.06/turn              (no ring)
MPRegen  0.09/turn              (no ring)

@: very quick
A: very small, unfitting armour, see invisible, herbivore, speed 3, slow
metabolism 2
a: Depart the Abyss, Renounce Religion


You were on level 1 of the Dungeon.
You worshipped Lugonu.
Lugonu was aware of your devotion.
You were not hungry.

You visited 1 branch of the dungeon, and saw 1 of its levels.
You visited the Abyss 1 time.

You collected 3 gold pieces.

Inventory:

Hand Weapons
 a - a +1 short sword (weapon)
Armour
 b - a +0 robe (worn)
Comestibles
 c - a ration


   Skills:
 + Level 3.0 Fighting
 + Level 2.5 Short Blades
 + Level 4.2 Dodging
 + Level 1.9 Invocations


You had 2 spell levels left.
You didn't know any spells.
Your spell library was empty.

Dungeon Overview and Level Annotations

Branches:
Dungeon (1/15)

Altars:


Innate Abilities, Weirdness & Mutations

You are very small and have problems with some larger weapons.
You are too small for most types of armour.
You have supernaturally acute eyesight. (SInv)
You are a herbivore.
You cover ground extremely quickly.
You need to consume almost no food.


Message History

The ufetubus hits you. The ufetubus closely misses you.
You hit the ufetubus but do no damage. The ufetubus misses you.
The ufetubus barely misses you.
You hit the ufetubus.
The ufetubus is lightly wounded.
The ufetubus barely misses you. The ufetubus misses you.
You hit the tentacled starspawn but do no damage.
You hit the tentacled starspawn but do no damage.
The vampire mumbles some strange words.
The vampire flickers and vanishes for a moment.
The tentacled starspawn barely misses you.
The tentacled starspawn completely misses you.
The tentacled starspawn closely misses you. x2
You pass through the gate.
There is a staircase leading out of the dungeon here.
You hit the tentacled starspawn.
The tentacled starspawn is lightly damaged.
The tentacled starspawn bites you!!
Ouch! That really hurt!
You die...

###
###..#
#....+
#....#
#X@..#
#....#
######


You could see a tentacled starspawn.

Vanquished Creatures
  A quasit (Abyss:1)
1 creature vanquished.

Vanquished Creatures (others)
  2 starspawn tentacles (Abyss:1)
2 creatures vanquished.

Grand Total: 3 creatures vanquished

Notes
Turn   | Place    | Note
-------+----------+-------------------------------------------
     0 | Abyss:1  | Riddle the Spriggan Abyssal Knight began the quest for the
                  | Orb.
     0 | Abyss:1  | Reached XP level 1. HP: 11/11 MP: 3/3
    31 | Abyss:1  | Found an ancient bone altar of Kikubaaqudgha.
    43 | Abyss:1  | Noticed an iron imp
    81 | Abyss:1  | Noticed a starcursed mass
    88 | Abyss:1  | Noticed a large abomination
   105 | Abyss:1  | Noticed a tentacled starspawn
   112 | Abyss:1  | Noticed an iron imp
   118 | Abyss:1  | Noticed a vampire
   138 | Abyss:1  | Noticed a quasit
   141 | Abyss:1  | Noticed a large abomination
   158 | Abyss:1  | Killed a quasit
   158 | Abyss:1  | Reached skill level 4 in Dodging
   158 | Abyss:1  | Reached XP level 2. HP: 11/16 MP: 4/4
   158 | Abyss:1  | Reached XP level 3. HP: 14/20 MP: 5/5
   164 | D:1      | Escaped the Abyss
   165 | D:1      | Demolished by a tentacled starspawn

Skill      XL: |  1 |
---------------+----+-----
Fighting       | 3 |  3.0
Dodging        | 4 |  4.2
Short Blades   | |  2.5
Invocations    | |  1.9

Action                   || total
-------------------------++-------
Melee: Short sword       ||    20
Armor: Robe              ||     5
Dodge: Dodged            ||    55
